 Dungeon Crawl Stone Soup version 0.31.0-32-g396128a36d (webtiles) character file.

Game seed: 16000041445670396694

3014 PaiMei the Scholar of Death (level 9, -1/64 (68) HPs)
             Began as a Demonspawn Necromancer on Mar 30, 2024.
             Was a Follower of Kikubaaqudgha.
             Slain by a wight
             ... wielding a +4 long sword
              (12 damage)
             ... on level 7 of the Dungeon.
             The game lasted 00:12:29 (10323 turns).

PaiMei the Scholar of Death (DsNe)                 Turns: 10323, Time: 00:12:30

HP:   -1/64 (68)    AC:  6    Str: 15    XL:     9   Next: 55%
MP:   18/18         EV: 14    Int: 22    God:    Kikubaaqudgha [*.....]
Gold: 415           SH:  0    Dex: 13    Spells: 16/20 levels left

rFire   . . .        I - +2 whip of Defilement {flame, rPois rC+++ Will- Int+2}
rCold   + + +        (no shield)
rNeg    . . .        q - +1 robe {rC+}
rPois   +            (helmet unavailable)
rElec   .            (no cloak)
rCorr   .            (no gloves)
SInv    +            B - +0 pair of boots
Will    .....        (no amulet)
Stlth   ++           k - ring of see invisible
HPRegen 0.30/turn    t - +6 ring of strength
MPRegen 0.16/turn

%: no passive effects
@: drained
A: antennae 3, molten scales 1, powered by death 2, powered by pain 1
a: Renounce Religion, Unearth Wretches


You were on level 7 of the Dungeon.
You worshipped Kikubaaqudgha.
Kikubaaqudgha was aware of your devotion.
You visited 2 branches of the dungeon, and saw 8 of its levels.

You collected 415 gold pieces.

Inventory:

Hand Weapons
 e - a +2 falchion of electrocution
 r - a +2 dagger of venom
 I - the +2 whip of Defilement (weapon) {flame, rPois rC+++ Will- Int+2}
   (You found it on level 7 of the Dungeon)

   Int+2:     It affects your intelligence (+2).
   rC+++:     It renders you almost immune to cold.
   rPois:     It protects you from poison Will-: It decreases your willpower.
Missiles
 u - 6 poisoned darts
 y - 5 throwing nets
 G - 3 curare-tipped darts (quivered)
Armour
 j - an orb of light
 q - a +1 robe of cold resistance (worn)
 v - a +2 scale mail of fire resistance
 B - a +0 pair of boots (worn)
Jewellery
 k - a ring of see invisible (left hand)
 t - a +6 ring of strength (right hand)
 D - an amulet of faith
 J - an amulet of guardian spirit
Wands
 s - a wand of polymorph (6)
 E - a wand of flame (25)
Scrolls
 a - 2 scrolls of enchant weapon {unknown}
 c - a scroll of revelation {unknown}
 d - 8 scrolls of identify {unknown}
 h - 2 scrolls of silence {unknown}
 i - 4 scrolls of teleportation {unknown}
 o - a scroll of acquirement {unknown}
 p - a scroll of amnesia {unknown}
 w - 2 scrolls of noise {unknown}
 x - a scroll of blinking {unknown}
 z - a scroll of fog {unknown}
 C - a scroll of torment {unknown}
 H - 2 scrolls of summoning {unknown}
Potions
 b - 3 potions of magic
 f - a potion of heal wounds {unknown}
 g - 2 potions of might {unknown}
 l - a potion of attraction {unknown}
 m - 2 potions of curing {unknown}
 n - 7 potions of degeneration
 A - a potion of lignification {unknown}
 F - 2 potions of brilliance {unknown}


   Skills:
 + Level 5.3 Fighting
 + Level 6.3 Dodging
 - Level 4.1 Stealth
 + Level 6.4 Spellcasting
 + Level 8.6 Necromancy


You had 16 spell levels left.
You knew the following spells:

 Your Spells              Type           Power      Damage    Failure   Level
a - Necrotise             Necr           100%       1d9       1%          1
b - Vampiric Draining     Necr           45%        2d9       1%          3

Your spell library contained the following spells:

 Spells                   Type           Power      Damage    Failure   Level
 Kiss of Death            Conj/Necr      100%       2d13      1%          1
 Animate Dead             Necr           45%        N/A       2%          4
 Curse of Agony           Necr           45%        N/A       7%          5
 Freeze                   Ice            28%        1d5       9%          1
 Scorch                   Fire           14%        2d5       13%         2
 Dazzling Flash           Conj/Hex       14%        N/A       26%         3
 Frozen Ramparts          Ice            14%        1d3       26%         3
 Gell's Gravitas          Tloc           7%         N/A       26%         3
 Hailstorm                Conj/Ice       7%         3d5       26%         3
 Mephitic Cloud           Conj/Alch/Air  7%         N/A       26%         3
 Teleport Other           Tloc           7%         N/A       26%         3
 Flame Wave               Conj/Fire      7%         2d5       65%         4
 Silence                  Hex/Air        3%         N/A       94%         5
 Dispersal                Tloc           3%         N/A       100%        6
 Summon Cactus Giant      Summ           3%         N/A       100%        6


Dungeon Overview and Level Annotations

Branches:
Dungeon (7/15)             Temple (1/1) D:5

Altars:
Ashenzari
Cheibriados
Dithmenos
Fedhas
Hepliaklqana
Kikubaaqudgha
Makhleb
Nemelex Xobeh
Okawaru
Qazlal
Ru
Sif Muna
Trog
Uskayaw
Vehumet
Wu Jian
Xom
Yredelemnul

Shops:
D:1 (   D:2 !   D:3 *   D:5 :


Innate Abilities, Weirdness & Mutations

You have a pair of large antennae on your head. (SInv)
You are partially covered in molten scales. (AC +2)
You regenerate health from kills.
You sometimes gain a little power by taking damage.


Message History

You hit the wight. You burn the wight.
The wight is lightly damaged.
The wight hits you with a +4 long sword!
You hit the wight but do no damage.
The wight is lightly damaged.
The wight hits you with a +4 long sword!
You hit the wight. You burn the wight.
The wight is heavily damaged.
The wight hits you with a +4 long sword!
You feel drained.
You hit the wight. You burn the wight.
The wight is severely damaged.
The wight hits you with a +4 long sword.
The wight closely misses you.
You barely miss the wight.
The wight is severely damaged.
The wight hits you with a +4 long sword.
* * * LOW HITPOINT WARNING * * *
You feel drained.
You barely miss the wight.
The wight is severely damaged.
The wight hits you but does no damage.
You hit the wight but do no damage. You punch the wight.
The wight is severely damaged.
The wight hits you with a +4 long sword!
* * * LOW HITPOINT WARNING * * *
You barely miss the wight.
The wight is severely damaged.
The wight barely misses you.
You hit the wight. You burn the wight.
The wight is almost destroyed.
The wight closely misses you.
You barely miss the wight.
The wight is almost destroyed.
The wight misses you.
You hit the wight but do no damage.
The wight is almost destroyed.
The wight hits you with a +4 long sword!
You die...
Kikubaaqudgha rasps: "You have failed me!
Welcome... death!"

### ######..#
##....[..# #..###...#
#####
?############.......##
##....
...............z@...#
##..###
)#####...#####......#
###..##
#......#........#####
#...##
..#.......#######
###.### ####.####
#...# ### #.)####
#.### ##.. ##....#
#######.# ##... ####.#
#.......# #....
#.######.####### #....


You could see a wight.

Vanquished Creatures
  Sigmund (D:3)
  A water moccasin (D:5)
  2 sky beasts
  2 ice beasts
  3 black bears
  A phantom (D:6)
  2 centaurs
  5 ogres
  3 kobold brigands
  A bullfrog (D:5)
  3 scorpions
  A bombardier beetle (D:5)
  3 jellies
  3 orc priests
  3 sleepcaps
  2 hounds
  A gnoll bouda (D:7)
  5 iguanas
  4 orc wizards
  18 gnolls
  8 adders
  A shadow imp (D:7)
  A white imp (D:5)
  2 ufetubi (D:5)
  2 dart slugs
  25 orcs
  6 endoplasms
  A giant cockroach (D:2)
  4 goblins
  9 hobgoblins
  5 jackals
  3 quokkas
  2 ball pythons
  A bat (D:1)
  5 frilled lizards
  10 kobolds
  7 rats
156 creatures vanquished.

Vanquished Creatures (collateral kills)
  An orc wizard (D:3)
  An endoplasm (D:1)
  A jackal (D:3)
3 creatures vanquished.

Vanquished Creatures (others)
  2 orc priests (D:5)
  An orc wizard (D:5)
  An orc (D:5)
4 creatures vanquished.

Grand Total: 163 creatures vanquished

Notes
Turn   | Place    | Note
-------+----------+-------------------------------------------
     0 | D:1      | PaiMei the Demonspawn Necromancer began the quest for the
                  | Orb.
     0 | D:1      | Reached XP level 1. HP: 13/13 MP: 3/3
    65 | D:1      | Found Huhexuaf's Weapon Emporium.
   385 | D:1      | Gained mutation: You are partially covered in molten
                  | scales. (AC +2) [demonic ancestry]
   385 | D:1      | Reached XP level 2. HP: 11/19 MP: 0/5
  1018 | D:2      | Found Pobas's Distillery.
  1164 | D:2      | Gained mutation: You regenerate a little health from kills.
                  | [demonic ancestry]
  1164 | D:2      | Reached XP level 3. HP: 24/24 MP: 2/6
  1168 | D:2      | Learned a level 3 spell: Vampiric Draining
  2112 | D:3      | Found Ijiremao's Assorted Antiques.
  2304 | D:3      | Reached skill level 5 in Necromancy
  2304 | D:3      | Gained mutation: You have a pair of small antennae on your
                  | head. [demonic ancestry]
  2304 | D:3      | Reached XP level 4. HP: 30/30 MP: 3/8
  2636 | D:3      | Gained mutation: You sometimes gain a little power by
                  | taking damage. [demonic ancestry]
  2636 | D:3      | Reached XP level 5. HP: 16/35 MP: 1/9
  3017 | D:3      | Found a hazy altar of Hepliaklqana.
  3018 | D:3      | Found a shimmering altar of Xom.
  3020 | D:3      | Noticed a spectral ugly thing
  3020 | D:3      | Noticed a hell beast
  3104 | D:3      | Noticed Sigmund
  3117 | D:3      | Killed Sigmund
  3118 | D:3      | Reached XP level 6. HP: 30/41 MP: 3/11
  4048 | D:4      | Reached skill level 6 in Necromancy
  4048 | D:4      | Gained mutation: You have a pair of antennae on your head.
                  | [demonic ancestry]
  4048 | D:4      | Reached XP level 7. HP: 46/46 MP: 0/12
  4621 | D:4      | Reached skill level 1 in Fighting
  5231 | D:5      | Entered Level 5 of the Dungeon
  5231 | D:5      | Found Bawk's Book Shoppe.
  5490 | D:4      | Gained mutation: You regenerate health from kills. [demonic
                  | ancestry]
  5490 | D:4      | Reached XP level 8. HP: 24/56 MP: 14/14
  6124 | D:5      | Reached skill level 7 in Necromancy
  6258 | D:5      | Reached skill level 5 in Spellcasting
  6268 | D:5      | Reached skill level 5 in Dodging
  6612 | D:5      | Found a staircase to the Ecumenical Temple.
  6621 | Temple   | Entered the Ecumenical Temple
  6626 | Temple   | Became a worshipper of Kikubaaqudgha
  7465 | D:6      | Found a radiant altar of Vehumet.
  7866 | D:6      | Gained mutation: You have a pair of large antennae on your
                  | head. (SInv) [demonic ancestry]
  7866 | D:6      | Reached XP level 9. HP: 65/65 MP: 7/17
  8060 | D:6      | Reached skill level 8 in Necromancy
  8565 | D:6      | Reached * piety under Kikubaaqudgha
  8565 | D:6      | Received a gift from Kikubaaqudgha
  9343 | D:7      | Reached skill level 5 in Fighting
  9459 | D:7      | Found a sacrificial altar of Ru.
  9565 | D:7      | Identified the +2 whip of Defilement {flame, rPois rC+++
                  | Will- Int+2}
  9579 | D:7      | Found a burning altar of Makhleb.
  9579 | D:7      | Found a shadowy altar of Dithmenos.
  9589 | D:7      | Found a sparkling altar of Nemelex Xobeh.
  9720 | D:7      | Found a broken altar of Ashenzari.
 10323 | D:7      | Slain by a wight

Illustrated notes

Levels and vault maps discovered:
D:1:      dpeg_arrival_shelter, layout_rooms, serial_shops, shop,
          dk_noncrumbling_4, chequers_big_river
D:2:      layout_basic, serial_shops, nicolae_shop_advertising_works
          [nicolae_subvault_shop_adworks]
D:3:      layout_basic, regret_index_temple_of_mockery, serial_shops, shop,
          minmay_misc_feat_tiny, uniq_sigmund
D:4:      nicolae_cairo_tiling, layout_gridville, lexackson_kobold_supper
D:5:      layout_loops_ring, lemuel_temple_firewalk_b, serial_shops,
          nicolae_stop_n_shop_1, ebering_dispersal_statue_hall
D:6:      layout_gridville, mainiacjoe_overflow_tiny_flanked,
          blue_anna_alchemist, chequers_hall_statues_y
D:7:      layout_rooms, nicolae_ru_awakened_eye,
          chequers_temple_overflow_minitemple
Temple:   minmay_freezing_vapour_temple

Skill      XL: |  1  2  3  4  5  6  7  8  9 |
---------------+----------------------------+-----
Dodging        | 2 3 4 5 6 |  6.3
Stealth        | 2 3 4 |  4.1
Necromancy     | 5 6 7 8 |  8.6
Spellcasting   | 3 4 5 6 |  6.4
Fighting       | 2 4 5 |  5.3

Action                     |  1- 3 |  4- 6 |  7- 9 || total
---------------------------+-------+-------+-------++-------
  Melee: Long sword        |     9 |    15 |       ||    24
         Punch             |     1 |       |     5 ||     6
         Dagger            |       |    11 |    94 ||   105
         Falchion          |       |       |    30 ||    30
         Whip              |       |       |    26 ||    26
   Cast: Necrotise         |    64 |    49 |   110 ||   223
         Vampiric Draining |       |     6 |    85 ||    91
   Stab: Distracted        |       |       |     1 ||     1
 Armour: Robe              |    11 |    44 |   169 ||   224
  Dodge: Dodged            |    11 |    38 |   212 ||   261
